 Dungeon Crawl Stone Soup version 0.29-a0-380-gf50f0a9fbc (webtiles) character file.

Game seed: 9023844079705983001

0 lesaewzxc the Stinger (level 1, -27/13 HPs)
             Began as a Merfolk Venom Mage on May 5, 2022.
             Killed by an exploding endoplasm (31 damage)
             ... ignited by their inner flame
             ... on level 1 of the Dungeon.
             The game lasted 00:03:18 (69 turns).

lesaewzxc the Stinger (Merfolk Venom Mage)            Turns: 69, Time: 00:03:18

Health: -27/13     AC:  2    Str:  8    XL:     1   Next: 10%
Magic:  1/3        EV: 12    Int: 14    God:
Gold:   1          SH:  0    Dex: 14    Spells: 0/4 levels left

rFire   . . .      SeeInvis .   (no weapon)
rCold   . . .      Faith    .   (no shield)
rNeg    . . .      Spirit   .   a - +0 robe
rPois   .          Reflect  .   (no helmet)
rElec   .          Harm     .   (no cloak)
rCorr   .          Rampage  .   (no gloves)
Will    .....                   (no boots)
Stlth   ++........              (no amulet)
HPRegen 0.04/turn               (no ring)
MPRegen 0.08/turn               (no ring)

@: no status effects
A: (nimble swimmer 2), mertail
a: no special abilities


You were on level 1 of the Dungeon.
You visited 1 branch of the dungeon, and saw 1 of its levels.

You collected 1 gold pieces.

Inventory:

Armour
 a - a +0 robe (worn)
Potions
 b - a potion of magic


   Skills:
 + Level 0.0 Fighting
 + Level 2.7 Dodging
 + Level 2.2 Stealth
 + Level 2.0 Spellcasting
 + Level 0.0 Necromancy
 + Level 1.3 Transmutations
 * Level 3.3 Poison Magic


You couldn't memorise any spells.
You knew the following spells:

 Your Spells              Type           Power      Damage    Failure   Level
a - Sting                 Tmut/Pois      28%        1d4       9%          1
b - Animate Skeleton      Necr           2%         N/A       24%         1
c - Apportation           Tloc           2%         N/A       24%         1
d - Summon Small Mammal   Summ           4%         N/A       24%         1

Your spell library contained the following spells:

 Spells                   Type           Power      Damage    Failure   Level
 Poisonous Vapours        Pois/Air       12%        N/A       19%         2
 Mephitic Cloud           Conj/Pois/Air  4%         N/A       41%         3
 Olgreb's Toxic Radiance  Pois           10%        N/A       52%         4


Dungeon Overview and Level Annotations

Branches:
Dungeon (1/15)

Altars:


Innate Abilities, Weirdness & Mutations

((You are very nimble when in or above water. (Stealth+, EV+, Speed+++)))
Your lower body shifts to a powerful aquatic tail in water.


Message History

Found a scroll labelled SAPROV DEOW.
Found a stone staircase leading down.
You now have 1 gold piece.
A frilled lizard comes into view.
The frilled lizard hisses angrily.
An endoplasm comes into view.
A quokka comes into view.
Casting: Summon Small Mammal (safe; 24% risk of failure)
Press: ? - help, Q - select action, (/) - cycle Dir - look around, f - activate The endoplasm quivers.
The frilled lizard closely misses you.
The frilled lizard attacks as you move away!
The frilled lizard barely misses you.
Your rat misses the frilled lizard.
Okay, then.
Okay, then.
Unknown command.
Sorry, you're not good enough to have a special ability.
Okay, then.
You hit the frilled lizard.
You kill the frilled lizard!
Your rat bites the endoplasm.
The endoplasm freezes you.
You are frozen.
Your rat bites the endoplasm.
Your rat barely misses the endoplasm.
Aiming: Apportation (safe; 24% risk of failure)
Press: ? - help, Q - select action, (/) - cycle Dir - move target Apport: a scroll labelled SAPROV DEOW Yoink!
You pull the item towards yourself.
The endoplasm freezes you.
You are frozen.
Your rat barely misses the endoplasm.
c - a scroll labelled SAPROV DEOW The quokka misses you.
The endoplasm misses you.
Your rat bites the endoplasm.
As you read the scroll labelled SAPROV DEOW, it crumbles to dust.
The creatures around you are filled with an inner flame!
It was a scroll of immolation.
The quokka bites you. The endoplasm freezes you.
You are frozen.
Your rat bites the endoplasm.
The endoplasm explodes!
The fiery explosion engulfs you!!
Ouch! That really hurt!
You die...

.. ... .. ... #..###.###
....#....#...###
...#..........#
....>..≈.....##
#####.....≈≈...........≈≈
.......§r§≈≈≈≈.......≈≈≈≈.
#§.@.≈≈≈≈≈...≈≈≈≈≈..
#§r§.≈≈≈≈≈≈.≈≈≈≈≈≈..
#[....≈≈≈≈≈≈≈≈≈≈≈...
####.....≈≈≈.....≈≈≈...
#........≈≈.......≈≈...
#......≈≈≈≈...<...≈≈≈≈.
#....≈≈≈≈≈≈≈.....≈≈≈≈≈≈
#..≈≈≈≈≈≈≈≈≈.....≈≈≈≈≈≈
#≈≈≈≈≈≈≈≈≈≈≈≈≈≈≈≈≈≈≈≈≈≈


You could see a quokka (inner flame) and a friendly rat (summoned, inner flame).

Vanquished Creatures
  A frilled lizard (D:1)
1 creature vanquished.

Vanquished Creatures (collateral kills)
  An endoplasm (D:1)
1 creature vanquished.

Grand Total: 2 creatures vanquished

Notes
Turn   | Place    | Note
-------+----------+-------------------------------------------
     0 | D:1      | lesaewzxc the Merfolk Venom Mage began the quest for the
                  | Orb.
     0 | D:1      | Reached XP level 1. HP: 13/13 MP: 3/3
    11 | D:1      | Learned a level 1 spell: Animate Skeleton
    13 | D:1      | Learned a level 1 spell: Apportation
    16 | D:1      | Learned a level 1 spell: Summon Small Mammal
    69 | D:1      | Killed by an exploding endoplasm... ignited by their inner
                  | flame

Illustrated notes

Levels and vault maps discovered:
D:1:      onia_arrival_pentagram, layout_basic, kennysheep_pointless_box

Action                   || total
-------------------------++-------
Melee: Unarmed           ||     1
 Cast: Summon Small Mamm ||     2
       Apportation       ||     1
  Use: Scroll            ||     1
Dodge: Dodged            ||     4

Table legend: (Time is in decaauts)
 A = Elapsed time spent in this place.
 B = Non-inter-level travel time spent in this place.
 C = Inter-level travel time spent in this place.
 D = Time resting spent in this place.
 E = Time spent auto-exploring this place.
 F = Levels seen in this place.
 G = Mean time per level.
                   A        B        C        D        E       F      G
               +--------+--------+--------+--------+--------+-----+--------+
         Total |     68 |     68 |      0 |      0 |     12 |   1 |   68.0 |
       Dungeon |     68 |     68 |      0 |      0 |     12 |   1 |   68.0 |
               +--------+--------+--------+--------+--------+-----+--------+

Top non-repeatable levels by time:
     D:1: 68 daAuts
